 Dungeon Crawl Stone Soup version 0.29.1-1-gd02db6906a (webtiles) character file.

Game seed: 5752197057355006849

4003 fireball365 the Basher (level 10, -3/85 (88) HPs)
             Began as a Minotaur Fighter on Oct 10, 2022.
             Was an Elder of Kikubaaqudgha.
             Slain by Maurice
             ... wielding a +5 halberd
              (22 damage)
             ... on level 8 of the Dungeon.
             The game lasted 00:34:59 (7334 turns).

fireball365 the Basher (Minotaur Fighter)           Turns: 7334, Time: 00:35:00

HP:   -3/85 (88)    AC: 12    Str: 21    XL:     10   Next: 3%
MP:   9/9           EV: 19    Int:  9    God:    Kikubaaqudgha [****..]
Gold: 0             SH:  0    Dex: 10    Spells: 9/9 levels left

rFire   . . .      SeeInvis .   (weapon currently unavailable)
rCold   . . .      Faith    .   (shield currently unavailable)
rNeg    + + +      Spirit   .   (body armour currently unavailable)
rPois   +          Reflect  .   (helmet currently unavailable)
rElec   .          Harm     .   (cloak currently unavailable)
rCorr   .          Rampage  .   (gloves currently unavailable)
Will    .....                   (boots currently unavailable)
Stlth   ++........              p - amulet of regeneration
HPRegen 1.04/turn               k - ring of positive energy
MPRegen 0.11/turn               (no ring)

@: fungus-form, lightly drained
A: melee confuse, terrified, no casting, tiny, (horns 2), (retaliatory headbutt)
a: Renounce Religion, Unearth Wretches


You were on level 8 of the Dungeon.
You worshipped Kikubaaqudgha.
Kikubaaqudgha was greatly pleased with you.
You were a sentient fungus.
You visited 2 branches of the dungeon, and saw 9 of its levels.

Inventory:

Hand Weapons
 a - a +0 flail
 u - a +4 mace
 w - a +0 flail
 G - a +2 flail of draining
 H - a +1 mace of protection
 I - a +0 flail of venom
 N - a +0 broad axe (melded)
 S - a +0 halberd
 U - a +1 halberd of flaming
Missiles
 g - 104 stones
 h - 5 javelins
 j - 11 boomerangs (quivered)
 A - 14 poisoned darts
 Q - 5 silver javelins
 R - a throwing net
Armour
 b - a +0 scale mail
 c - a +0 buckler (melded)
 i - a +0 pair of boots (melded)
 m - a +0 cloak (melded)
 q - a +3 ring mail
 y - a +0 pair of gloves (melded)
 F - a +1 chain mail (melded)
 V - +2 steam dragon scales
Magical Staves
 l - a staff of poison
 D - a staff of poison
 J - a staff of poison
Jewellery
 k - a ring of positive energy (left hypha)
 p - an amulet of regeneration (around neck)
 B - a ring of fire
 T - a ring of magical power
 W - a ring of magical power
Wands
 f - a wand of polymorph (14)
 C - a wand of mindburst (14)
Scrolls
 e - 7 scrolls of identify
 x - a scroll of vulnerability
 E - 3 scrolls of fear
 K - a scroll of butterflies {unknown}
 L - a scroll of silence {unknown}
 P - a scroll of blinking {unknown}
Potions
 d - a potion of haste {unknown}
 n - 2 potions of invisibility
 o - a potion of attraction
 r - 5 potions of brilliance
 s - 4 potions of curing
 t - 2 potions of ambrosia
 v - 2 potions of flight {unknown}
 z - a potion of degeneration
 M - 2 potions of heal wounds
 O - 2 potions of cancellation {unknown}
 X - a potion of resistance {unknown}


   Skills:
 + Level 7.8 Fighting
 + Level 6.4(9.3) Axes
 + Level 10.3(11.1) Maces & Flails
 + Level 8.5 Armour
 + Level 3.6 Dodging
 + Level 1.6 Stealth
 + Level 6.0 Shields
 + Level 0.6 Unarmed Combat


You had 9 spell levels left.
You didn't know any spells.
Your spell library contained the following spells:

 Spells                   Type           Power      Damage    Failure   Level
 Apportation              Tloc           0%         N/A       38%         1
 Freeze                   Ice            0%         1d3       38%         1
 Magic Dart               Conj           0%         1d3       38%         1
 Necrotise                Necr           0%         1d4       38%         1
 Sandblast                Erth           0%         2d4       38%         1
 Sting                    Tmut/Pois      0%         1d3       38%         1
 Summon Small Mammal      Summ           0%         N/A       38%         1
 Call Imp                 Summ           0%         N/A       52%         2
 Passwall                 Tmut/Erth      0%         N/A       52%         2
 Poisonous Vapours        Pois/Air       0%         N/A       52%         2
 Sublimation of Blood     Necr           0%         N/A       52%         2
 Frozen Ramparts          Ice            0%         1d1       77%         3
 Mephitic Cloud           Conj/Pois/Air  0%         N/A       77%         3
 Stone Arrow              Conj/Erth      0%         3d7       77%         3
 Vampiric Draining        Necr           0%         2d6       77%         3
 Anguish                  Hex/Necr       0%         N/A       99%         4
 Cause Fear               Hex            0%         N/A       99%         4
 Corpse Rot               Necr/Pois/Air  0%         N/A       99%         4
 Dispel Undead            Necr           0%         3d6       99%         4
 Hailstorm                Conj/Ice       0%         3d3       99%         4
 Olgreb's Toxic Radiance  Pois           0%         N/A       99%         4
 Agony                    Necr           0%         N/A       100%        5
 Borgnjor's Vile Clutch   Necr/Erth      0%         N/A       100%        5
 Death Channel            Necr           0%         N/A       100%        6
 Dragon Form              Tmut           0%         N/A       100%        7
 Monstrous Menagerie      Summ           0%         N/A       100%        7
 Summon Hydra             Summ           0%         N/A       100%        7
 Dragon's Call            Summ           0%         N/A       100%        9


Dungeon Overview and Level Annotations

Branches:
Dungeon (8/15)             Temple (1/1) D:5
   Lair: D:8-11

Altars:
Ashenzari
Cheibriados
Dithmenos
Elyvilon
Fedhas
Gozag
Kikubaaqudgha
Makhleb
Nemelex Xobeh
Okawaru
Qazlal
Ru
Sif Muna
Trog
Uskayaw
Vehumet
Xom
Yredelemnul
Zin
The Shining One

Shops:
D:4 *

Annotations:
D:8 Maurice


Innate Abilities, Weirdness & Mutations

You are a sentient fungus.
You are tiny and evasive.
Your melee attack releases spores that confuse breathing creatures.
You become terrified and freeze when enemies are visible.
Your armour is entirely melded.
You are incapable of wielding weapons or throwing items.
You cannot cast spells.
((You have a pair of horns on your head.))
((You reflexively headbutt those who attack you in melee.))


Message History

The wight is lightly damaged.
The wight closely misses you.
You hit the wight.
The wight is heavily damaged.
You block the wight's attack.
You closely miss the wight.
The wight is heavily damaged.
Maurice gestures wildly while chanting.
Maurice blinks!
The wight closely misses you. You furiously retaliate!
You headbutt the wight. You slash the wight!
You destroy the wight!
Kikubaaqudgha accepts your kill.
Maurice gestures wildly while chanting.
Maurice blinks!
Items here: )) [[.
Maurice gestures wildly while chanting.
Maurice flickers and vanishes!
Deactivating autopickup; reactivate with Ctrl-A.
There is an open door, spattered with blood here.
Items here: ))) [[[.
You hear a zap.
You turn into a sentient fungus.
Your +0 broad axe melds into your body.
Your +0 cloak melds into your body.
Your +0 pair of gloves melds into your body.
Your +0 pair of boots melds into your body.
Your +0 buckler melds into your body.
Your +1 chain mail melds into your body.
Something drops a +2 dagger of speed.
Something picks up a +5 halberd.
Something drops a +0 cloak.
Something picks up a +0 robe.
Something hits you!!
* * * LOW HITPOINT WARNING * * *
Something steals 3 of your 7 potions of curing!
Something hits you.
* * * LOW HITPOINT WARNING * * *
Something steals 463 gold pieces!
You now have 0 gold pieces.
You hear some strange, mumbled words.
Something hits you!!
You die...
Kikubaaqudgha rasps: "You have failed me!
Welcome... death!"

###.##.# #.#########
###.##.####........
#...........#######
..#.##.####<# ###.##†#
#.# # #.##.# #.##
###.##.# #..#
....<..####..########..#
#######.........f......#
# #.##...#########.#
.##.#.# ###[####
#≈§)≈≈≈# #§≈§...≈≈#
#≈..⌠≈..≈# #≈.≈≈≈⌠..+
+..⌠≈§≈.≈#


There were no monsters in sight!

Vanquished Creatures
  The ghost of quakins the Cleaver, a novice MiBe of Trog (D:7)
  Maggie (D:7)
  Sigmund (D:2)
  Edmund (D:5)
  A water moccasin (D:8)
  Duvessa (D:7)
  A black bear (D:5)
  An orc warrior (D:7)
  An ice beast (D:5)
  3 sky beasts
  An ogre (D:4)
  A centaur (D:7)
  3 phantoms
  3 bullfrogs
  3 scorpions
  A necrophage (D:7)
  5 wights (D:8)
  Dowan (D:7)
  4 killer bees (D:7)
  5 hounds
  4 jellies
  2 orc priests
  2 gnoll boudas
  Jessica (D:2)
  5 iguanas
  4 orc wizards
  16 gnolls
  5 adders
  A shadow imp (D:7)
  2 white imps (D:6)
  An ufetubus (D:5)
  A dart slug (D:4)
  18 orcs
  10 endoplasms
  5 giant cockroaches
  10 goblins
  7 hobgoblins
  3 jackals (D:3)
  6 kobolds
  3 quokkas
  6 ball pythons
  5 bats
  5 frilled lizards
  2 rats (D:2)
163 creatures vanquished.

Vanquished Creatures (others)
  4 plants (D:5)
4 creatures vanquished.

Grand Total: 167 creatures vanquished

Notes
Turn   | Place    | Note
-------+----------+-------------------------------------------
     0 | D:1      | fireball365 the Minotaur Fighter began the quest for the
                  | Orb.
     0 | D:1      | Reached XP level 1. HP: 19/19 MP: 0/0
   177 | D:1      | Found a faded altar of an unknown god.
   196 | D:1      | Prayed at the altar of an unknown god.
   196 | D:1      | Became a worshipper of Kikubaaqudgha
   196 | D:1      | Reached * piety under Kikubaaqudgha
   196 | D:1      | Received a gift from Kikubaaqudgha
   281 | D:1      | Reached XP level 2. HP: 23/27 MP: 1/1
   965 | D:2      | Reached XP level 3. HP: 33/33 MP: 2/2
  1014 | D:2      | Noticed Sigmund
  1032 | D:2      | Killed Sigmund
  1033 | D:2      | Reached skill level 4 in Maces & Flails
  1033 | D:2      | Reached skill level 5 in Armour
  1033 | D:2      | Reached XP level 4. HP: 5/41 MP: 3/3
  1033 | D:2      | Reached XP level 5. HP: 5/47 MP: 4/4
  1591 | D:2      | Noticed Jessica
  1604 | D:2      | Killed Jessica
  1823 | D:2      | Reached ** piety under Kikubaaqudgha
  2435 | D:3      | Reached XP level 6. HP: 48/53 MP: 5/5
  2490 | D:3      | Reached skill level 1 in Dodging
  2569 | D:3      | Reached skill level 5 in Maces & Flails
  2831 | D:3      | Found a shimmering blue altar of Sif Muna.
  3230 | D:4      | Found a shadowy altar of Dithmenos.
  3238 | D:4      | Reached skill level 5 in Fighting
  3246 | D:4      | Found a basalt altar of Yredelemnul.
  3435 | D:4      | Found Agass's Assorted Antiques.
  3569 | D:4      | Got the Atlas of Allies
  3630 | D:4      | Reached skill level 1 in Stealth
  3700 | D:4      | Reached XP level 7. HP: 61/61 MP: 6/6
  4070 | D:5      | Entered Level 5 of the Dungeon
  4070 | D:5      | Noticed Edmund
  4082 | D:5      | Killed Edmund
  4083 | D:5      | Reached skill level 6 in Maces & Flails
  4197 | D:5      | Reached skill level 7 in Maces & Flails
  4286 | D:5      | Found a staircase to the Ecumenical Temple.
  4372 | D:5      | Reached XP level 8. HP: 56/70 MP: 7/7
  4466 | D:5      | Reached *** piety under Kikubaaqudgha
  4466 | D:5      | Received a gift from Kikubaaqudgha
  4581 | D:5      | Found a blossoming altar of Fedhas.
  4787 | D:5      | Reached skill level 8 in Maces & Flails
  4952 | D:6      | Reached skill level 5 in Shields
  5102 | D:6      | Reached skill level 9 in Maces & Flails
  5247 | Temple   | Entered the Ecumenical Temple
  5767 | D:6      | You fall into a shaft and drop 2 floors!
  5897 | D:7      | Reached XP level 9. HP: 78/78 MP: 8/8
  5911 | D:7      | Reached skill level 10 in Maces & Flails
  6222 | D:7      | Reached skill level 1 in Axes
  6327 | D:7      | Reached **** piety under Kikubaaqudgha
  6381 | D:7      | Found a flagged portal.
  6426 | D:7      | Found a broken altar of Ashenzari.
  6556 | D:7      | Noticed Maggie
  6573 | D:7      | Killed Maggie
  6653 | D:7      | Noticed quakins's ghost (novice MiBe)
  6693 | D:7      | Found an opulent altar of Gozag.
  6693 | D:7      | Found a glowing silver altar of Zin.
  6754 | D:7      | Found a transporter.
  6759 | D:7      | Found a transporter.
  6774 | D:7      | Reached skill level 5 in Axes
  6781 | D:7      | Killed quakins's ghost
  6871 | D:7      | Noticed Dowan
  6872 | D:7      | Noticed Duvessa
  6905 | D:7      | Killed Dowan
  6925 | D:7      | Killed Duvessa
  7285 | D:8      | Noticed Maurice
  7299 | D:8      | Reached XP level 10. HP: 61/88 MP: 9/9
  7334 | D:8      | Slain by Maurice

Illustrated notes

Levels and vault maps discovered:
D:1:      scummos_arrival_forest, layout_loops_ring,
          shapermc_ecumenical_altar_starsandcircs
D:2:      layout_basic, uniq_sigmund, uniq_jessica
D:3:      layout_loops_ring, mainiacjoe_overflow_alcove_2, minmay_misc_feat_tiny
D:4:      layout_basic, jmf_multi_god_temple, serial_shops, shop
D:5:      layout_cave_pools, fedhas_altar_1, minmay_temple_entry_from_below_b,
          minmay_joined_circles, uniq_edmund
D:6:      layout_cave_pools
D:7:      layout_basic, grunt_temple_overflow_gold_and_silver,
          evilmike_ruin_ashenzari, gammafunk_ghost_hive,
          lightli_bailey_entry_fortress, minmay_fractal_squares_5, uniq_duvessa,
          uniq_maggie
D:8:      layout_loops_ring, nicolae_wu_jian_wuxing_cycle, lair_entry_dummy,
          kennysheep_another_room, uniq_maurice
Temple:   nicolae_temple_ecumenical_triangle

Skill      XL: |  1  2  3  4  5  6  7  8  9 |
---------------+----------------------------+-----
Shields        | 4 5 6 |  6.0
Armour         | 4 5 6 7 8 |  8.5
Fighting       | 4 5 6 7 |  7.8
Maces & Flails | 4 5 7 9 10 | 10.3
Dodging        | 1 2 3 |  3.6
Stealth        | 1 |  1.6
Axes           | 6 |  6.4
Unarmed Combat | |  0.6

Action                   |  1- 3 |  4- 6 |  7- 9 | 10-12 || total
-------------------------+-------+-------+-------+-------++-------
Melee: Flail             |    49 |    62 |   177 |       ||   288
       Headbutt          |     2 |     9 |    47 |       ||    58
       Unarmed           |       |    10 |       |       ||    10
       Mace              |       |    36 |    16 |       ||    52
       Broad axe         |       |       |   124 |    10 ||   134
  Use: Potion            |       |     2 |     7 |       ||     9
       Scroll            |       |     1 |     5 |       ||     6
Armor: Scale mail        |    29 |    19 |       |       ||    48
       Ring mail         |       |    39 |     5 |       ||    44
       Skin              |       |     2 |       |       ||     2
       Chain mail        |       |       |   172 |     5 ||   177
Dodge: Dodged            |    18 |    63 |    96 |     6 ||   183
Block: Buckler           |     9 |    18 |    78 |     7 ||   112
